 BcadrenCrawl: Boulder Brew version 0.05.4-52-gbd2e00ed8b (webtiles) character file.

Game seed: 14944210906961093096, levelgen mode: deterministic

912 namelastname112 the Magician (level 7, -4/60 HPs) Silver Draconian Transmuter. Began on May 8, 2022. Slain by a two-headed ogre ... wielding a +0 giant spiked club (25 damage) ... on level 3 of the Dungeon. The game lasted 00:08:38 (3347 turns).

namelastname112 the Magician (DrTm)                 Turns: 3347, Time: 00:08:38

Health: -4/60      AC: 16    Str: 13    XL:     7 ^: 123
Magic:  12/14      EV: 13    Int: 14    God:
Gold:   174        SH:  0    Dex: 12    Spells: 10/16 levels left

rFire    . . .     Vision   .     - Unarmed
rCold    . . .     Gourm    .     - Unarmed
rNeg     . . .     Faith    .   (armour unavailable)
rCorr    . . .     Spirit   .   (helmet restricted)
rPois    .         Reflect  .   (no cloak)
rElec    .         Harm     .   (no gloves)
MR       .....                  l - +0 pair of boots
Stlth    ++........             (no amulet)
HPRegen  0.30/turn              c - ring of protection
MPRegen  0.24/turn              k - ring of stealth

@: short of breath
A: deformed body 2, cold-blooded, earth enhancer 1, AC++, rMut, AC +10
a: Breathe Silver Splinters


You were on level 3 of the Dungeon.
You were very hungry.

You visited 1 branch of the dungeon, and saw 3 of its levels.

You collected 174 gold pieces.

Inventory:

Armour
 l - a +0 pair of boots (worn)
Jewellery
 c - a ring of protection (left hand)
 k - a ring of stealth (right hand)
Wands
 o - a wand of flame (1)
Scrolls
 d - a scroll of enchantment
 g - 9 scrolls of teleportation
 h - a scroll of blinking
 n - 4 scrolls of magic mapping
Potions
 a - 3 potions of curing
 e - 2 potions of heal wounds
 f - a potion of cancellation
 i - a potion of might
 j - a potion of brilliance
 m - a potion of cure mutation
Comestibles
 b - 6 rations


   Skills:
 + Level 4.6 Fighting
 + Level 3.4 Dodging
 * Level 5.1 Unarmed Combat
 + Level 5.1 Spellcasting
 + Level 3.4 Transmutations


You had 10 spell levels left.
You knew the following spells:

 Your Spells              Type           Power        Failure   Level  Hunger
c - Sticks to Snakes Tmut 13 (100) 6% 2 9-49 s - Scorpion Form Tmut/Pois 8 (200) 26% 3 49-109 x - Beastly Appendage Tmut           13 (50)      4%          1    0

Your spell library contained the following spells:

 Spells                   Type           Power        Failure   Level  Hunger
 Snakes to Sticks Hex/Tmut 8 (100) 26% 3 49-109 Ice Form Ice/Tmut 8 (100) 65% 4 129-229 Blade Hands Tmut           13 (200)     75%         5    249-409


Dungeon Overview and Level Annotations

Branches:
Dungeon (3/8)

Altars:
Okawaru
Xom

Annotations:
D:3 Dowan, Duvessa


Innate Abilities, Weirdness & Mutations

Your gleaming silver scales are resilient. (AC +10)
You can breathe silver splinters, which deal bonus damage to chaotic creatures.
You cannot wear any armour on your peculiar form.
You are cold-blooded and are slowed more easily by cold attacks.
You are in touch with the powers of the earth.
Your gleaming silver scales boost your physical defenses and make you resistant to mutation. (AC++, rMut)


Message History

You have got your breath back!
Your ball python bites the two-headed ogre but does no damage!
Your horns disappear!
Your ball python bites the two-headed ogre but does no damage!
Press: ? - help, Shift-Dir - straight line, f/p - two-headed ogre
Aim: a two-headed ogre, wielding a +0 giant spiked club and a +0 giant club (94%, 94% to-hit, healthy (59/59), 38% (Melee))
The spray of silver splinters hits the two-headed ogre (4)!
The two-headed ogre is lightly wounded! (55/59) HP The spray of silver splinters hits the two-headed ogre (3)!
The two-headed ogre is lightly wounded! (52/59) HP The spray of silver splinters hits the two-headed ogre (3)!
The two-headed ogre is lightly wounded! (49/59) HP x2
You feel somewhat more hungry!
There is a stone staircase leading down here!
Casting: Sticks to Snakes (safe; 6% risk of failure)
Confirm with ! or Enter, or press ? or * to list all spells!
You create a snake!!!
The two-headed ogre hits you with a +0 giant spiked club (15)!!!
The two-headed ogre hits you with a +0 giant club (25)!!!!!! rip

# ### # #.. # # #.# # # #.##.##.#
######### # #######.......#
#.......### ..##.##
#.############.##.##.##.
#.#.#.####........##.##.#......)#
S..###......#####...#......##.##.
###.#.#####.##..@.S###..#####.###
# ##.## #.##.##O..#.#.#####.###
#...# #.##.##..#.##.e†.......
#...# #...>....#)#######.####
#...# ####.##.##.### #.#### #...#
#.##......#####.##.. ###...######
#.##.##.#.....#.##.#
...........###.##.##.#)....#.....
..)............##.##.......####.#


You could see a two-headed ogre and a friendly ball python.

Vanquished Creatures
  2 water moccasins (D:2)
  A big kobold (D:2)
  A howler monkey (D:3)
  2 jellies (D:2)
  A llaibwca (D:3)
  2 orc wizards (D:3)
  3 giant cockroaches
  A bullfrog skeleton (D:3)
  3 adders
  21 sewer rats
  5 cinder newts
  4 oozes (D:2)
  2 worms
  2 dart slugs (D:1)
  5 leopard geckos
  3 orcs (D:3)
  6 goblins (D:1)
  9 hobgoblins (D:1)
  7 kobolds
  2 quokkas (D:3)
  A ball python (D:1)
  4 bats
  A bat skeleton (D:2)
  7 rats
95 creatures vanquished.

Vanquished Creatures (collateral kills)
  9 sewer rats (D:2)
  A giant blowfly (D:2)
10 creatures vanquished.

Vanquished Creatures (others)
  16 wandering mushrooms (D:2)
  3 giant blowflies (D:2)
  A slimehead (D:2)
  26 withered plants (D:2)
46 creatures vanquished.

Grand Total: 151 creatures vanquished

Notes
Turn   | Place    | Note
-------+----------+-------------------------------------------
     0 | D:1      | namelastname112 the Immature Draconian Transmuter began the
                  | quest for the Orb.
     0 | D:1      | Reached XP level 1. HP: 16/16 MP: 4/4
   134 | D:1      | Reached XP level 2. HP: 22/23 MP: 3/5
   304 | D:1      | Reached XP level 3. HP: 12/29 MP: 7/7
   735 | D:1      | Learned a level 3 spell: Scorpion Form
   740 | D:2      | Learned a level 2 spell: Sticks to Snakes
   755 | D:2      | Reached XP level 4. HP: 31/37 MP: 3/9
   895 | D:2      | Reached XP level 5. HP: 34/44 MP: 5/10
  1110 | D:2      | Noticed a water moccasin
  1121 | D:2      | Killed a water moccasin
  1121 | D:2      | Reached XP level 6. HP: 31/51 MP: 4/12
  1500 | D:2      | Noticed a water moccasin
  1510 | D:2      | Killed a water moccasin
  1814 | D:2      | Your scales start taking on a gleaming silver colour.
  1814 | D:2      | Reached XP level 7. HP: 55/59 MP: 5/13
  1814 | D:2      | Gained mutation: Your gleaming silver scales boost your
                  | physical defenses and make you resistant to mutation.
                  | (AC++, rMut) [Silver Draconian growth]
  1814 | D:2      | Gained mutation: You are in touch with the powers of the
                  | earth. [Silver Draconian growth]
  2083 | D:2      | Found a shimmering altar of Xom.
  2083 | D:2      | Found a shimmering altar of Xom.
  2083 | D:2      | Found a shimmering altar of Xom.
  2083 | D:2      | Found a shimmering altar of Xom.
  2083 | D:2      | Found a shimmering altar of Xom.
  2083 | D:2      | Noticed a wandering mushroom
  2083 | D:2      | Noticed a boulder beetle
  2084 | D:2      | Found a shimmering altar of Xom.
  2084 | D:2      | Found a shimmering altar of Xom.
  2084 | D:2      | Noticed a wandering mushroom
  2084 | D:2      | Noticed a wandering mushroom
  2084 | D:2      | Noticed a wandering mushroom
  2087 | D:2      | Noticed a wandering mushroom
  2087 | D:2      | Noticed a wandering mushroom
  2087 | D:2      | Noticed a wandering mushroom
  2087 | D:2      | Noticed a wandering mushroom
  2087 | D:2      | Noticed a wandering mushroom
  2087 | D:2      | Killed a wandering mushroom
  2088 | D:2      | Noticed a wandering mushroom
  2088 | D:2      | Noticed a wandering mushroom
  2088 | D:2      | Noticed a wandering mushroom
  2088 | D:2      | Noticed a wandering mushroom
  2088 | D:2      | Noticed a wandering mushroom
  2088 | D:2      | Noticed a wandering mushroom
  2088 | D:2      | Noticed a wandering mushroom
  2088 | D:2      | Killed a wandering mushroom
  2089 | D:2      | Killed a wandering mushroom
  2090 | D:2      | Killed a wandering mushroom
  2091 | D:2      | Killed a wandering mushroom
  2092 | D:2      | Killed a wandering mushroom
  2093 | D:2      | Killed a wandering mushroom
  2105 | D:2      | Killed a wandering mushroom
  2106 | D:2      | Killed a wandering mushroom
  2107 | D:2      | Killed a wandering mushroom
  2108 | D:2      | Killed a wandering mushroom
  2110 | D:2      | Killed a wandering mushroom
  2111 | D:2      | Killed a wandering mushroom
  2117 | D:2      | Killed a wandering mushroom
  2122 | D:2      | Killed a wandering mushroom
  2128 | D:2      | Killed a wandering mushroom
  2787 | D:3      | Found an iron altar of Okawaru.
  2952 | D:3      | Noticed Duvessa
  2952 | D:3      | Noticed Dowan
  2958 | D:3      | Noticed a two-headed ogre
  3038 | D:3      | Reached skill level 5 in Unarmed Combat
  3038 | D:3      | Reached skill level 5 in Spellcasting
  3347 | D:3      | Slain by a two-headed ogre

Levels and vault maps discovered:
D:1:      tarquinn_simple_flora_water_a, layout_cave_pools, serial_column_ruins,
          column_ruins_corridor_T, column_ruins_columns_straight,
          column_ruins_open_tiny, column_ruins_columns_straight,
          column_ruins_corridor_straight, column_ruins_grid_1,
          serial_bayou_pond_d, serial_bayou_lagoon_b
D:2:      layout_sewer, bcadren_xom_bowling, first_ration
D:3:      layout_loops_cross, okawaru_metal_pillars_1_2, uniq_duvessa

Skill      XL: |  1  2  3  4  5  6  7 |
---------------+----------------------+-----
Spellcasting   | 3 4 5 |  5.1
Fighting       | 2 3 4 |  4.6
Unarmed Combat | 3 4 5 |  5.1
Transmutations | 2 3 |  3.4
Dodging        | 2 3 |  3.4

Action                   |  1- 3 |  4- 6 |  7- 9 || total
-------------------------+-------+-------+-------++-------
Melee: Unarmed           |   168 |   352 |   246 ||   766
       Kick              |    11 |     2 |     2 ||    15
       Peck              |     4 |    26 |    29 ||    59
       Headbutt          |     1 |       |     1 ||     2
 Cast: Beastly Appendage |     9 |     2 |     3 ||    14
       Sticks to Snakes  |     1 |    21 |    10 ||    32
       Scorpion Form     |       |     2 |     1 ||     3
 Abil: Breathe Silver Sp |       |       |     3 ||     3
 Stab: Distracted        |     1 |       |       ||     1
       Sleeping          |       |       |     2 ||     2
  Eat: Ration            |       |     1 |       ||     1
       Chunk             |       |     2 |     5 ||     7
Armor: Skin              |    25 |    67 |    70 ||   162
Dodge: Dodged            |    20 |    37 |    32 ||    89
